 Dungeon Crawl Stone Soup version 0.29.1-13-g9f3cf754e1 (webtiles) character file.

Game seed: 9543028812209656214

84 growler the Chopper (level 4, 0/34 HPs)
             Began as a Demonspawn Wanderer on Jan 24, 2023.
             Slain by Terence
             ... wielding a +0 trident of freezing
              (8 damage)
             ... on level 3 of the Dungeon.
             The game lasted 00:04:42 (2129 turns).

growler the Chopper (Demonspawn Wanderer)           Turns: 2129, Time: 00:04:43

Health: 0/34       AC:  5    Str: 16    XL:     4   Next: 23%
Magic:  4/4        EV: 11    Int: 12    God:
Gold:   113        SH:  0    Dex: 12    Spells: 3/3 levels left

rFire   . . .      SeeInvis .   a - +2 hand axe
rCold   . . .      Faith    .   (no shield)
rNeg    . . .      Spirit   .   e - +0 leather armour
rPois   .          Reflect  .   (no helmet)
rElec   .          Harm     .   (no cloak)
rCorr   .          Rampage  .   (no gloves)
Will    .....                   (no boots)
Stlth   +.........              (no amulet)
HPRegen 0.11/turn               f - ring of flight
MPRegen 0.09/turn               (no ring)

@: flying
A: claws 1, slimy green scales 1
a: no special abilities


You were on level 3 of the Dungeon.
You visited 1 branch of the dungeon, and saw 3 of its levels.

You collected 113 gold pieces.

Inventory:

Hand Weapons
 a - a +2 hand axe (weapon)
 b - a +0 spear
Armour
 e - a +0 leather armour (worn)
Jewellery
 f - a ring of flight (left claw)
Scrolls
 g - a scroll of teleportation {unknown}
 h - a scroll of poison {unknown}
 l - a scroll of butterflies {unknown}
 m - a scroll of torment {unknown}
 n - 5 scrolls of identify {unknown}
 o - a scroll of amnesia {unknown}
Potions
 d - 2 potions of might
 i - a potion of curing {unknown}
 j - a potion of brilliance {unknown}
 k - 2 potions of heal wounds {unknown}
Miscellaneous
 c - a piece from Xom's chessboard (14/15) (quivered)


   Skills:
 + Level 2.5 Fighting
 - Level 4.1(4.3) Axes
 - Level 1.7(3.1) Polearms
 - Level 1.0 Stealth
 + Level 2.0 Unarmed Combat
 - Level 2.0 Evocations


You had 3 spell levels left.
You didn't know any spells.
Your spell library contained the following spells:

 Spells                   Type           Power      Damage    Failure   Level
 Call Imp                 Summ           0%         N/A       52%         2
 Lesser Beckoning         Tloc           0%         N/A       77%         3
 Summon Lightning Spire   Summ/Air       0%         N/A       99%         4


Dungeon Overview and Level Annotations

Branches:
Dungeon (3/15)

Altars:

Shops:
D:2 =(*[:

Annotations:
D:3 Terence


Innate Abilities, Weirdness & Mutations

You have sharp fingernails.
You are partially covered in slimy green scales. (AC +2)


Message History

You closely miss the rat. Terence misses you. The rat barely misses you.
You hit Terence but do no damage.
Terence is lightly wounded.
You hit the rat.
You kill the rat!
Terence barely misses you.
You closely miss Terence.
Terence is lightly wounded.
Terence hits you with a +0 trident of freezing.
Terence freezes you.
You hit Terence but do no damage.
Terence is lightly wounded.
Terence hits you with a +0 trident of freezing.
Terence freezes you.
You hit Terence.
Terence is moderately wounded.
Terence barely misses you.
You hit Terence.
Terence is moderately wounded.
Terence says, "Don't bother to defend, it's senseless."
Terence barely misses you.
Terence hits you with a +0 trident of freezing!
Terence freezes you.
You hit Terence.
Terence is severely wounded.
Terence hits you with a +0 trident of freezing.
Terence freezes you.
You hit Terence.
Terence is severely wounded.
Terence completely misses you.
You hit Terence.
Terence is almost dead.
Terence hits you with a +0 trident of freezing.
* * * LOW HITPOINT WARNING * * *
Terence freezes you.
* * * LOW HITPOINT WARNING * * *
You make a move on Xom's chessboard...
Terence resists with significant effort.
Terence hits you with a +0 trident of freezing!
You die...

#.# ..... #.# .....# #.# ......
##. #.# ......########... #.#
...?...........# #.#
...............# #.#
#..@.......# ###.#
##.#.@......###...#
#....†......#...####
.#.##..#.##..#.##..#.##
.##.#..##.#..##.#..##.# .
##....##....##....##.... ..#.
..♣♣.#..♣♣.#..♣♣.#..♣♣. ....##.
#.♣♣..#.♣♣..#.♣♣..#.♣♣. ......
###....##)...##....##....
#...####..#.##..#.##..#.##..#.##


You could see Terence.

Vanquished Creatures
  Natasha (D:3)
  An adder (D:2)
  3 dart slugs
  2 endoplasms
  A giant cockroach (D:1)
  4 goblins (D:1)
  7 hobgoblins (D:1)
  7 ball pythons
  7 bats
  3 frilled lizards
  5 kobolds
  3 rats
44 creatures vanquished.

Notes
Turn   | Place    | Note
-------+----------+-------------------------------------------
     0 | D:1      | growler the Demonspawn Wanderer began the quest for the
                  | Orb.
     0 | D:1      | growler set off with the following items: a +2 hand axe, a
                  | +0 spear, a piece from Xom's chessboard (15/15), a potion
                  | of might, a +0 leather armour.
     0 | D:1      | Reached XP level 1. HP: 15/15 MP: 1/1
   137 | D:1      | Reached skill level 4 in Axes
   150 | D:1      | Gained mutation: You have sharp fingernails. [demonic
                  | ancestry]
   150 | D:1      | Reached XP level 2. HP: 19/21 MP: 2/2
   636 | D:1      | Reached skill level 1 in Unarmed Combat
   730 | D:1      | Got Sociulut's Essays on Helpful Direction
   734 | D:1      | Reached XP level 3. HP: 27/27 MP: 3/3
  1029 | D:2      | Found Itwuafeza's Antique Armour Emporium.
  1044 | D:2      | Found Upnihyodd's General Store.
  1204 | D:2      | Found Zipnaehi's Book Boutique.
  1442 | D:2      | Found a faded altar of an unknown god.
  1523 | D:2      | Found Kuwneotojo's Jewellery Shop.
  1617 | D:2      | Found Byuryetu's Antique Weapon Shop.
  1811 | D:3      | Noticed Natasha
  1819 | D:3      | Killed Natasha
  1820 | D:3      | Gained mutation: You are partially covered in slimy green
                  | scales. (AC +2) [demonic ancestry]
  1820 | D:3      | Reached XP level 4. HP: 22/34 MP: 4/4
  2113 | D:3      | Noticed Terence
  2129 | D:3      | Slain by Terence

Illustrated notes

Levels and vault maps discovered:
D:1:      ebering_trefoil_twist, layout_loops_ring, minmay_quantized
D:2:      layout_loops_cross, basic_altar, serial_shops,
          nicolae_shop_hallway_plus, nicolae_shop_hallway_plus, shop_statue,
          shop, shop, ebering_ecumenical_altar_box, glass_columns_b
D:3:      minmay_evil_eye, layout_rooms, mainiacjoe_overflow_alcove_2,
          nicolae_eternal_life, uniq_terence, uniq_sigmund, uniq_natasha

Skill      XL: |  1  2  3  4 |
---------------+-------------+-----
Axes           | 4 |  4.1
Unarmed Combat | 1 2 |  2.0
Fighting       | 2 |  2.5
Polearms       | |  1.7
Stealth        | |  1.0
Evocations     | |  2.0

Action                   |  1- 3 |  4- 6 || total
-------------------------+-------+-------++-------
Melee: Hand axe          |   101 |    19 ||   120
Evoke: Piece from Xom's  |       |     1 ||     1
 Stab: Sleeping          |     2 |       ||     2
       Distracted        |     1 |       ||     1
Armor: Leather armour    |    26 |     3 ||    29
Dodge: Dodged            |    62 |    13 ||    75
